 Dungeon Crawl Stone Soup version 0.25-a0-292-gaa31f046c4 (webtiles) character file.

Game seed: 14550923270587200391, levelgen mode: deterministic

375 MoonlitKnight the Poker (level 6, 0/48 HPs)
             Began as a Merfolk Skald on Dec 15, 2019.
             Slain by a gnoll
             ... wielding a +0 spear
              (1 damage)
             ... on level 4 of the Dungeon.
             The game lasted 00:13:11 (4282 turns).

MoonlitKnight the Poker (Merfolk Skald)             Turns: 4282, Time: 00:13:14

Health: 0/48       AC:  5    Str: 12    XL:     6   Next: 72%
Magic:  11/18      EV: 14    Int: 12    God:
Gold:   158        SH:  0    Dex: 15    Spells: 3/9 levels left

rFire    . . .     SeeInvis .   a - +0 halberd
rCold    . . .     Gourm    .   (shield currently unavailable)
rNeg     . . .     Faith    .   o - +0 leather armour
rPois    .         Spirit   .   s - +1 helmet
rElec    .         Reflect  .   (no cloak)
rCorr    +         Harm     .   (no gloves)
MR       .....                  (no boots)
Stlth    +.........             (no amulet)
HPRegen  0.16/turn              g - ring of magical power
MPRegen  0.16/turn              k - ring of resist corrosion

@: very slightly contaminated
A: change form in water, swift swim, stealthy swim
a: no special abilities


You were on level 4 of the Dungeon.
You were very hungry.

You visited 1 branch of the dungeon, and saw 4 of its levels.

You collected 158 gold pieces.

Inventory:

Hand Weapons
 a - a +0 halberd (weapon)
 b - a +0 hunting sling
Missiles
 c - 2 poisoned darts (quivered)
 l - 30 sling bullets
Armour
 o - a +0 leather armour (worn)
 s - a +1 helmet (worn)
Jewellery
 f - an uncursed ring of protection from fire
 g - a ring of magical power (left hand)
 h - an uncursed amulet of the gourmand {unknown}
 k - a ring of resist corrosion (right hand)
 n - a +1 ring of evasion {unknown}
Wands
 q - a wand of iceblast (13)
Scrolls
 i - 2 scrolls of remove curse {unknown}
 j - a scroll of identify
Potions
 e - 2 potions of curing
 p - 2 potions of flight
 u - a potion of haste
Comestibles
 d - 12 rations


   Skills:
 + Level 4.0 Fighting
 * Level 7.2 Polearms
 - Level 0.6 Armour
 + Level 5.0 Dodging
   Level 1.1 Shields
 - Level 2.0 Spellcasting
 - Level 3.2 Charms


You had 3 spell levels left.
You knew the following spells:

 Your Spells              Type           Power        Failure   Level  Hunger
a - Infusion              Chrm           #...         9%          1    ##.....
b - Shroud of Golubria    Chrm/Tloc      #.....       26%         2    ###....
c - Spectral Weapon       Hex/Chrm       #.......     47%         3    ####...

Your spell library contained the following spells:

 Spells                   Type           Power        Failure   Level  Hunger
 Song of Slaying          Chrm           #.......     14%         2    ###....
 Regeneration             Chrm/Necr      #.........   47%         3    ####...


Dungeon Overview and Level Annotations

Branches:
Dungeon (4/15)
 Temple: D:4-7

Altars:
Nemelex Xobeh
Vehumet


Message History

You kill the gnoll shaman!
Your Dodging skill increases to level 5!
The gnoll hits you with a +0 flail.
You closely miss the gnoll. The gnoll barely misses you.
The gnoll hits you with a +0 flail.
* * * LOW HITPOINT WARNING * * *
The gnoll hits you but does no damage.
You hit the gnoll.
The gnoll is heavily wounded.
The gnoll hits you but does no damage. The gnoll hits you with a +0 flail.
* * * LOW HITPOINT WARNING * * *
The gnoll barely misses you.
Casting: Spectral Weapon (slightly dangerous; 47% risk of failure)
Confirm with . or Enter, or press ? or * to list all spells.
Space distorts slightly along a thin shroud covering your body.
The gnoll hits you with a +0 flail!
* * * LOW HITPOINT WARNING * * *
Your shroud falls apart!
The gnoll hits you from afar with a +0 spear.
You die...

#....# ###.##.#
#...#..####
#.........#
#..###.##.# ##.#
#.##.#
#########..##..#..#
.#............##.##
...####..#######@#
.### #..## #g# .#
#.## #g# .# ... #(#
..>.... #.# .....##
#.# [.... #.# .....
##.# . #..#


You could see 2 gnolls.

Vanquished Creatures
  An ogre (D:4)
  An orc wizard (D:4)
  A gnoll shaman (D:4)
  A worker ant (D:4)
  5 gnolls
  5 adders
  3 oozes
  An adder skeleton (D:4)
  5 worms
  3 dart slugs
  A leopard gecko (D:1)
  3 orcs
  2 ball pythons
  4 giant cockroaches
  5 goblins
  7 hobgoblins
  5 jackals
  10 kobolds
  2 quokkas
  5 bats
  6 frilled lizards
  6 rats (D:3)
82 creatures vanquished.

Vanquished Creatures (others)
  A plant (D:4)
1 creature vanquished.

Grand Total: 83 creatures vanquished

Notes
Turn   | Place    | Note
-------+----------+-------------------------------------------
     0 | D:1      | MoonlitKnight the Merfolk Skald began the quest for the
                  | Orb.
     0 | D:1      | Reached XP level 1. HP: 16/16 MP: 3/3
    85 | D:1      | Reached XP level 2. HP: 7/23 MP: 5/5
   312 | D:1      | Learned a level 2 spell: Shroud of Golubria
   556 | D:1      | Reached skill level 4 in Polearms
   641 | D:1      | Reached XP level 3. HP: 28/28 MP: 6/6
   833 | D:1      | Learned a level 3 spell: Spectral Weapon
  1611 | D:2      | Reached XP level 4. HP: 34/34 MP: 7/7
  2179 | D:2      | Reached skill level 5 in Polearms
  2179 | D:2      | Reached skill level 1 in Shields
  2331 | D:2      | Reached XP level 5. HP: 9/41 MP: 8/8
  3258 | D:3      | Found a radiant altar of Vehumet.
  3398 | D:3      | Found a sparkling altar of Nemelex Xobeh.
  3718 | D:4      | Reached skill level 6 in Polearms
  3912 | D:4      | Reached XP level 6. HP: 46/48 MP: 9/9
  3947 | D:4      | Reached skill level 7 in Polearms
  4279 | D:4      | Reached skill level 5 in Dodging
  4282 | D:4      | HP: 1/48 [gnoll/+0 flail (10)]
  4282 | D:4      | Slain by a gnoll

Levels and vault maps discovered:
D:1:      nzn_arrival_settlement, layout_basic
D:2:      layout_loops_corners
D:3:      layout_rooms, vehumet_crystals, nemelex_altar_shiori
D:4:      layout_rooms, lemuel_coloured_pillars_altar, tso_oasis_becter,
          uniq_eustachio

Skill      XL: |  1  2  3  4  5  6 |
---------------+-------------------+-----
Dodging        | 3 4 5 |  5.0
Polearms       | 4 5 6 7 |  7.2
Fighting       | 3 4 |  4.0
Shields        | 1 |  1.1
Armour         | |  0.6
Spellcasting   | |  2.0
Charms         | |  3.2

Action                   |  1- 3 |  4- 6 || total
-------------------------+-------+-------++-------
Melee: Spear             |   116 |    16 ||   132
       Trident           |       |    27 ||    27
       Halberd           |       |   124 ||   124
 Fire: Hunting sling     |     9 |    25 ||    34
Throw: Dart              |       |    16 ||    16
 Cast: Infusion          |     6 |     5 ||    11
       Shroud of Golubri |     1 |     3 ||     4
       Spectral Weapon   |       |     4 ||     4
  Use: Potion            |     1 |       ||     1
       Scroll            |       |     7 ||     7
  Eat: Chunk             |     3 |    10 ||    13
Armor: Leather armour    |    20 |    30 ||    50
Dodge: Dodged            |    55 |   131 ||   186
Block: Buckler           |    10 |     4 ||    14

Table legend:
 A = Non-vault XP
 B = Vault XP
 C = Vault XP percentage of total XP
 D = Non-vault monster count
 E = Vault monster count
 F = Vault count percentage of total count
                 A         B        C        D         E       F
            +---------+---------+-------+---------+---------+-------
      Total |     536 |       0 |   0.0 |      82 |       0 |   0.0
            +---------+---------+-------+---------+---------+-------
        D:1 |      45 |       0 |   0.0 |      21 |       0 |   0.0
        D:2 |     167 |       0 |   0.0 |      29 |       0 |   0.0
        D:3 |      48 |       0 |   0.0 |      19 |       0 |   0.0
        D:4 |     276 |       0 |   0.0 |      13 |       0 |   0.0
            +---------+---------+-------+---------+---------+-------
